 Dungeon Crawl Stone Soup version 0.26.1-11-gd32895ea62 (webtiles) character file.

Game seed: 6904645400135389580

25 Arsuriii the Cutter (level 2, -5/22 HPs)
             Began as a Vampire Gladiator on Apr 17, 2021.
             Slain by Crazy Yiuf
             ... wielding a +4 quarterstaff of chaos
              (10 damage)
             ... on level 2 of the Dungeon.
             The game lasted 00:06:28 (1149 turns).

Arsuriii the Cutter (Vampire Gladiator)             Turns: 1149, Time: 00:06:29

Health: -5/22      AC:  5    Str: 13    XL:     2   Next: 82%
Magic:  2/2        EV: 13    Int: 10    God:
Gold:   77         SH:  0    Dex: 15    Spells: 1/1 levels left

rFire    . . .     SeeInvis +   a - +0 rapier
rCold    . . .     Faith    .   (no shield)
rNeg     . . .     Spirit   .   b - +0 leather armour
rPois    .         Reflect  .   c - +0 helmet
rElec    .         Harm     .   (no cloak)
rCorr    .         Rampage  .   (no gloves)
Will     +....                  i - +0 pair of boots
Stlth    +.........             (no amulet)
HPRegen  0.27/turn              k - ring of willpower
MPRegen  0.08/turn              (no ring)

@: regenerating quickly
A: fangs 3, see invisible, unbreathing
a: Exsanguinate


You were on level 2 of the Dungeon.
You visited 1 branch of the dungeon, and saw 2 of its levels.

You collected 77 gold pieces.

Inventory:

Hand Weapons
 a - a +0 rapier (weapon)
Missiles
 d - 3 throwing nets (quivered)
Armour
 b - a +0 leather armour (worn)
 c - a +0 helmet (worn)
 i - a +0 pair of boots (worn)
Jewellery
 k - a ring of willpower (left hand)
Scrolls
 h - 3 scrolls of identify {unknown}
 l - a scroll of teleportation {unknown}
 m - a scroll of fear {unknown}
Potions
 e - a potion of heal wounds {unknown}
 f - 2 potions of flight {unknown}
 g - a potion of attraction {unknown}
 j - a potion of brilliance {unknown}


   Skills:
 + Level 2.1 Fighting
 + Level 3.8 Short Blades
 + Level 1.6 Throwing
 + Level 0.3 Armour
 + Level 3.6 Dodging


You had one spell level left.
You didn't know any spells.
Your spell library was empty.

Dungeon Overview and Level Annotations

Branches:
Dungeon (2/15)

Altars:
Nemelex Xobeh
Zin

Annotations:
D:2 Crazy Yiuf, Robin


Innate Abilities, Weirdness & Mutations

Your natural rate of healing is unusually fast.
You have razor-sharp teeth.
You have supernaturally acute eyesight. (SInv)
You can survive without breathing.


Message History

* * * LOW HITPOINT WARNING * * *
You hit Crazy Yiuf but do no damage. Crazy Yiuf barely misses you.
You hit Crazy Yiuf.
Crazy Yiuf is lightly wounded.
Crazy Yiuf whimpers, "Walk sow head!"
Crazy Yiuf closely misses you.
You hit Crazy Yiuf.
Crazy Yiuf is moderately wounded.
Crazy Yiuf completely misses you.
You barely miss Crazy Yiuf.
Crazy Yiuf is moderately wounded.
Crazy Yiuf closely misses you.
You closely miss Crazy Yiuf.
Crazy Yiuf is moderately wounded.
Crazy Yiuf barely misses you.
You puncture Crazy Yiuf!
Crazy Yiuf is severely wounded.
Crazy Yiuf says, "Action mumblescurry green!"
Crazy Yiuf hits you with a +4 quarterstaff of chaos!
You die...

#####
#)..#
#...#
...
#g#
♣@♣♣
♣♣.♣
♣.♣♣
♣♣.♣
♣♣.♣♣
♣♣P..♣
♣.P..♣
#....#
##..##


You could see Crazy Yiuf.

Vanquished Creatures
  2 dart slugs (D:1)
  4 giant cockroaches (D:2)
  2 goblins
  3 hobgoblins
  3 bats
  A frilled lizard (D:1)
  4 rats (D:1)
  A bush (D:2)
20 creatures vanquished.

Notes
Turn   | Place    | Note
-------+----------+-------------------------------------------
     0 | D:1      | Arsuriii the Vampire Gladiator began the quest for the Orb.
     0 | D:1      | Reached XP level 1. HP: 16/16 MP: 1/1
   313 | D:1      | Reached XP level 2. HP: 22/22 MP: 2/2
   722 | D:2      | Found a sparkling altar of Nemelex Xobeh.
   792 | D:2      | Noticed Robin
   810 | D:2      | Found a glowing silver altar of Zin.
  1138 | D:2      | Found a runed translucent door.
  1139 | D:2      | Noticed Crazy Yiuf
  1149 | D:2      | Slain by Crazy Yiuf

Illustrated notes

Levels and vault maps discovered:
D:1:      amcnicky_arrival_single_pillar, layout_loops_ring
D:2:      layout_loops_corners, nicolae_overflow_hidden_temple, zin_scriptorium,
          uniq_robin, uniq_jessica, uniq_crazy_yiuf_cottage

Skill      XL: |  1  2 |
---------------+-------+-----
Fighting       | 2 |  2.1
Short Blades   | |  3.8
Throwing       | |  1.6
Armour         | |  0.3
Dodging        | |  3.6

Action                   || total
-------------------------++-------
Melee: Rapier            ||   209
       Bite              ||    39
Armor: Leather armour    ||    26
Dodge: Dodged            ||    62
